[Event "Team 45 45 League T47"]
[Site "Internet Chess Club"]
[Date "2010.11.07"]
[Round "1"]
[White "vollmerj"]
[Black "oldsj"]
[Result "1-0"]
[WhiteElo "1710"]
[BlackElo "1659"]
[Opening "Two knights defense"]
[ECO "C55"]
[Time "09:00:51"]
[TimeControl "2700+45"]

1. e4 e5 2. Nf3 Nc6 3. Bc4 Nf6 4. O-O Nxe4 5. Bd5 Nf6 6. Bxc6 bxc6 7. Nxe5 Bb4
8. c3 Ba5 9. Re1 O-O 10. d4 h6 11. Nd2 Bb7 12. Qb3 Bb6 13. Ndf3 c5 14. dxc5 Bxf3
15. cxb6 Bd5 16. c4 Be6 17. bxa7 Rxa7 18. Qc3 Qa8 19. a3 d6 20. Nf3 c5 21. Bxh6
Nh5 22. Bg5 Bh3 23. gxh3 f6 24. Bd2 g5 25. Re6 Rg7 26. Rae1 g4 27. hxg4 Rxg4+
28. Kf1 Qb7 29. Re7 Qc8 30. Qd3 f5 31. Qd5+ Kh8 32. R1e6 Nf6 33. Qxd6 Rfg8 34.
Rxf6 Rg1+ 35. Nxg1 Rxg1+ 36. Kxg1 Qg8+ 37. Rg6 {Black resigns} 1-0

[Event "Team 45 45 League T47"]
[Site "Internet Chess Club"]
[Date "2010.11.05"]
[Round "1"]
[White "UsuallySleepy"]
[Black "Troparion"]
[Result "1-0"]
[WhiteElo "1822"]
[BlackElo "1813"]
[Opening "Hungarian defense"]
[ECO "C50"]
[Time "07:00:59"]
[TimeControl "2700+45"]

1. e4 e5 2. Nf3 Nc6 3. Bc4 Be7 4. O-O Nf6 5. d3 O-O 6. a4 d5 7. exd5 Nxd5 8. h3
Bf5 9. Re1 Bf6 10. Nbd2 g6 11. Ne4 Bg7 12. Bg5 f6 13. Nc3 Be6 14. Bd2 Qd7 15.
Ne4 b6 16. a5 Bf7 17. axb6 cxb6 18. Qe2 Ndb4 19. Bxb4 Nxb4 20. Bxf7+ Rxf7 21.
Red1 Nc6 22. c3 f5 23. Ned2 Rd8 24. Nc4 Re7 25. Qc2 b5 26. Ne3 f4 27. Ng4 Qe6
28. Ng5 Qd5 29. Ne4 Rf7 30. Rd2 f3 31. Ne3 Qd7 32. Ng5 Rf4 33. Qb3+ Kh8 34. Nxf3
e4 35. dxe4 Qb7 36. Rxd8+ Nxd8 37. Qd5 Qe7 38. Qxb5 Rxe4 39. Ra4 h6 40. Rxe4
Qxe4 41. Qd5 Qe7 42. Nd4 Kh7 43. b4 Nf7 44. b5 Ng5 45. c4 Qf6 46. Nc6 Qc3 47.
Qd1 Ne4 48. Nxa7 Nxf2 49. Kxf2 Bd4 50. Qe1 Qb2+ 51. Qe2 Bxe3+ 52. Kxe3 Qa3+ 53.
Qd3 Qxa7+ 54. Qd4 Qa3+ 55. Ke4 Qe7+ 56. Qe5 Qh4+ 57. Kd5 Qd8+ 58. Kc6 Qa8+ 59.
Kc7 Qa7+ 60. Kc8 Qa8+ 61. Qb8 Qxg2 62. Qb7+ {Black resigns} 1-0

[Event "Team 45 45 League T47"]
[Site "Internet Chess Club"]
[Date "2010.11.07"]
[Round "1"]
[White "alexping"]
[Black "kabindra"]
[Result "1-0"]
[WhiteElo "1963"]
[BlackElo "1765"]
[Opening "King's Indian: 6.Be2"]
[ECO "E91"]
[Time "11:40:27"]
[TimeControl "2700+45"]

1. d4 Nf6 2. c4 g6 3. Nc3 Bg7 4. e4 d6 5. Be2 O-O 6. Nf3 c5 7. O-O Nc6 8. d5 Ne5
9. Nxe5 dxe5 10. Be3 b6 11. a3 Bd7 12. b4 cxb4 13. axb4 Qc7 14. c5 bxc5 15. bxc5
a5 16. c6 Rfb8 17. Nb5 Rxb5 18. Bxb5 Bc8 19. Qd3 Rb8 20. Rfb1 Ne8 21. Ba6 Nd6
22. Rxb8 Qxb8 23. Rb1 Qa8 24. Bxc8 Qxc8 25. Bc5 f5 26. Bxd6 fxe4 27. Qc4 exd6
28. c7 {Black resigns} 1-0

[Event "Team 45 45 League T47"]
[Site "Internet Chess Club"]
[Date "2010.11.07"]
[Round "1"]
[White "loserloser"]
[Black "rubo"]
[Result "1-0"]
[WhiteElo "1811"]
[BlackElo "1686"]
[Opening "Réti opening"]
[ECO "A05"]
[Time "13:00:29"]
[TimeControl "2700+45"]

1. Nf3 Nf6 2. d3 d5 3. Nbd2 g6 4. e4 dxe4 5. dxe4 Nbd7 6. Bc4 Bg7 7. e5 Ng4 8.
e6 fxe6 9. Bxe6 Nde5 10. Ng5 h6 11. Nf7 Nxf7 12. Bxg4 O-O 13. O-O Ne5 14. Bxc8
Rxc8 15. Qe2 Qd4 16. Ne4 b6 17. Rb1 Qc4 18. Qxc4+ Nxc4 19. b3 Nd6 20. Re1 Rf7
21. Nd2 Bd4 22. Nf3 Bg7 23. Ne5 Bxe5 24. Rxe5 Kh7 25. Ba3 c5 26. Rbe1 Rc7 27.
Bb2 Rd7 28. f3 Nf5 29. R5e2 Kg8 30. Kf2 g5 31. Re6 Rd2+ 32. R1e2 Rxe2+ 33. Kxe2
Kh7 34. Be5 Ng7 35. Rc6 Ne8 36. Bb8 e5 37. Re6 Nc7 38. Rxe5 Na6 39. Bd6 Nb4 40.
c3 Nxa2 41. Kd3 Rd7 42. Re6 b5 43. Kc2 b4 44. Bxc5 Nxc3 45. Bxb4 Nb5 46. Re7+
Rxe7 47. Bxe7 Kg6 48. Kd3 Kf7 49. Bc5 a6 50. Kc4 Ke6 51. Kb4 Kd5 52. Be3 Kc6 53.
h4 Nc7 54. Ka5 Nd5 55. Bd2 Kb7 56. hxg5 hxg5 57. Bxg5 Nc3 58. g4 Ne2 59. Bf6 Nc1
60. b4 Nb3+ 61. Ka4 Nd2 62. f4 Nc4 63. g5 Nb6+ 64. Kb3 Nd5 65. Be5 Ne7 66. Bd6
Nf5 67. Bc5 Kc6 68. Kc4 Nh4 69. Bf2 Nf5 70. Be1 Ne3+ 71. Kd3 Nf5 72. Ke4 Nd6+
73. Ke5 Kd7 74. g6 Ne8 75. f5 Ke7 76. Bh4+ Kf8 77. f6 Nc7 78. Bf2 Kg8 79. Kd6
Nb5+ 80. Ke7 Kh8 81. f7 {Black resigns} 1-0

[Event "Team 45 45 League T47"]
[Site "Internet Chess Club"]
[Date "2010.11.07"]
[Round "1"]
[White "misuc56"]
[Black "CheeryCherry"]
[Result "1-0"]
[WhiteElo "1770"]
[BlackElo "1527"]
[Opening "Queen's gambit declined"]
[ECO "D30"]
[Time "14:02:11"]
[TimeControl "2700+45"]

1. d4 d5 2. c4 e6 3. e3 c5 4. Nf3 Nc6 5. Nc3 Nf6 6. h3 Be7 7. Be2 b6 8. O-O Bb7
9. a3 O-O 10. cxd5 Nxd5 11. dxc5 Nxc3 12. bxc3 Bxc5 13. Qxd8 Raxd8 14. Bb2 f6
15. Rfd1 Kf7 16. Nd4 Ne5 17. f4 Ng6 18. Rf1 Ne7 19. Bf3 Bxf3 20. Rxf3 Nd5 21. e4
Ne7 22. Rd1 Nc6 23. Kf1 e5 24. fxe5 Nxe5 25. Rg3 Nc4 26. Bc1 Bxa3 27. Bxa3 Nxa3
28. Ra1 Nc4 29. Rxa7+ Kg8 30. Rgxg7+ {Black resigns} 1-0

[Event "Team 45 45 League T47"]
[Site "Internet Chess Club"]
[Date "2010.11.07"]
[Round "1"]
[White "mickeys"]
[Black "GreatBendini"]
[Result "1/2-1/2"]
[WhiteElo "1943"]
[BlackElo "1846"]
[Opening "Queen's pawn game"]
[ECO "A46"]
[Time "20:07:42"]
[TimeControl "2700+45"]

1. d4 Nf6 2. Nf3 c5 3. e3 cxd4 4. exd4 e6 5. Bd3 Nc6 6. O-O Be7 7. c3 O-O 8.
Nbd2 d5 9. Re1 Qc7 10. Nb3 b6 11. Qe2 Bb7 12. Bg5 h6 13. Bh4 Rfe8 14. Ne5 Rad8
15. Nd2 Nxe5 16. dxe5 Nd7 17. Bxe7 Rxe7 18. Nf3 Rf8 19. Nd4 Nc5 20. Nb5 Qb8 21.
Bc2 f5 22. f3 Ba6 23. a4 Bxb5 24. axb5 Rc7 25. Qe3 Qe8 26. Qe2 Qd7 27. Ra3 Rd8
28. Rd1 Qe7 29. Qe3 Qh4 30. Rd4 Qg5 31. Qxg5 hxg5 32. Ra1 Nd7 33. Re1 Rc5 34.
Bd3 Rdc8 35. h3 R5c7 36. Bf1 Nc5 37. Rb4 Kh7 38. Kf2 Kg6 {Game drawn by mutual
agreement} 1/2-1/2

[Event "Team 45 45 League T47"]
[Site "Internet Chess Club"]
[Date "2010.11.03"]
[Round "1"]
[White "cknights"]
[Black "gerailen0075"]
[Result "1-0"]
[WhiteElo "1774"]
[BlackElo "1804"]
[Opening "Budapest: Rubinstein variation"]
[ECO "A52"]
[Time "19:15:53"]
[TimeControl "2700+45"]

1. d4 Nf6 2. c4 e5 3. dxe5 Ng4 4. Bf4 g5 5. Bg3 Bg7 6. Nf3 Nc6 7. Nc3 Ngxe5 8.
Nxe5 Nxe5 9. e3 h5 10. h3 h4 11. Bh2 d6 12. Be2 Be6 13. Qb3 Kf8 14. Rd1 b6 15.
O-O Qc8 16. f4 gxf4 17. exf4 Nd7 18. Ne4 Nc5 19. Nxc5 bxc5 20. Qc2 Bd4+ 21. Kh1
Rb8 22. b3 Bf5 23. Bd3 Bxh3 24. gxh3 Rg8 25. Bf5 Qb7+ 26. Qe4 Qa6 27. Rde1 Qxa2
28. Qe7+ Kg7 29. Rg1+ {Black resigns} 1-0

[Event "Team 45 45 League T47"]
[Site "Internet Chess Club"]
[Date "2010.11.08"]
[Round "1"]
[White "ILRE"]
[Black "CameronD"]
[Result "0-1"]
[WhiteElo "1527"]
[BlackElo "1693"]
[Opening "Caro-Kann: two knights variation"]
[ECO "B11"]
[Time "19:02:21"]
[TimeControl "2700+45"]

1. e4 c6 2. Nc3 d5 3. Nf3 dxe4 4. Nxe4 Bg4 5. h3 Bh5 6. d4 Nd7 7. g4 Bg6 8. Bd3
Qc7 9. Be3 Ngf6 10. Nxf6+ Nxf6 11. Ne5 Nd7 12. Nxg6 hxg6 13. Qf3 Nf6 14. O-O-O
e6 15. c4 O-O-O 16. Kb1 Bd6 17. g5 Nh5 18. d5 exd5 19. cxd5 c5 20. Rc1 Nf4 21.
Bxf4 Bxf4 22. Rxc5 Qxc5 23. Qxf4 Qd6 24. Rc1+ Kb8 25. Qxf7 Rhf8 26. Qxg7 Rxf2
27. Bxg6 Rd7 28. Qc3 Qxg6+ 29. Ka1 Rf8 30. h4 Qe4 31. Qc5 Rfd8 32. a3 Qxd5 33.
Qxd5 Rxd5 34. Ka2 Rh8 35. Rf1 Rxh4 36. Rf8+ Kc7 37. Rf7+ Rd7 38. Rf5 Rg4 39. Kb3
Rg7 40. Rc5+ Kb6 41. Rf5 R4xg5 42. Rf6+ Kc5 43. Ka2 Rg2 44. Rf5+ Kd4 45. Kb3
R7g3+ 46. Ka2 Rg7 47. Rf4+ Ke5 48. Rf3 Rd7 49. Re3+ Kf4 50. Rb3 b6 51. Rb4+ Ke3
52. Rb3+ Kd2 53. Rc3 Kd1 54. Kb1 Rdd2 55. Rc1+ Ke2 56. Rc3 Kf1 57. Rc1+ Kf2 58.
Rc3 Rg3 59. Rc7 a5 60. Rc6 Rb3 61. Rf6+ Ke3 62. Re6+ Kf4 63. Rf6+ Ke5 64. Rh6
Rdxb2+ 65. Kc1 Rf2 66. Rh5+ Kd4 67. Rh4+ Kc5 68. Rh5+ Kc6 69. Rh6+ Kb5 70. Rh5+
Ka6 71. Rh8 Rxa3 72. Ra8+ Kb7 {White resigns} 0-1

[Event "Team 45 45 League T47"]
[Site "Internet Chess Club"]
[Date "2010.11.05"]
[Round "1"]
[White "Mymas"]
[Black "crazyhorses"]
[Result "0-1"]
[WhiteElo "1411"]
[BlackElo "1513"]
[Opening "Sicilian: dragon, 6.Be3"]
[ECO "B72"]
[Time "18:00:19"]
[TimeControl "2700+45"]

1. e4 c5 2. Nf3 d6 3. d4 cxd4 4. Nxd4 Nf6 5. Nc3 g6 6. Be3 Bg7 7. Bb5+ Bd7 8.
Bxd7+ Nbxd7 9. O-O O-O 10. Qd2 a6 11. Bh6 Rc8 12. Bxg7 Kxg7 13. f4 Qb6 14. Na4
Qa7 15. Qf2 Kg8 16. Rad1 Nxe4 17. Qe3 d5 18. Nc3 Nxc3 19. bxc3 e6 20. Qh3 Nf6
21. Kh1 Ne4 22. Rd3 Qb6 23. Qg4 Rxc3 24. Rxc3 Nf2+ 25. Kg1 Nxg4 26. Rd1 Nf6 27.
Rb3 Qc7 28. g3 Ne4 29. Rdd3 Rc8 30. Kf1 b5 31. Kg1 Qc5 32. Kf1 Qd6 33. Kg1 Rc4
34. c3 Qc5 35. Kf1 Nxc3 36. Rdxc3 Rxc3 37. Rxc3 Qxc3 38. Ne2 Qa1+ 39. Kf2 d4 40.
Kg2 Qxa2 41. Kf3 Qd2 42. Nxd4 Qxd4 43. Ke2 b4 44. Ke1 b3 45. Kf1 Qd2 46. Kg1 b2
47. Kf1 b1=Q# {White checkmated} 0-1

[Event "Team 45 45 League T47"]
[Site "Internet Chess Club"]
[Date "2010.11.05"]
[Round "1"]
[White "mongmong"]
[Black "zigzag2002"]
[Result "1-0"]
[WhiteElo "1497"]
[BlackElo "1717"]
[Opening "Queen's pawn game"]
[ECO "D02"]
[Time "19:30:26"]
[TimeControl "2700+45"]

1. d4 d5 2. Nf3 e6 3. e3 c5 4. c3 Nc6 5. Bd3 Nf6 6. Nbd2 Bd7 7. O-O Bd6 8. Qe2
O-O 9. dxc5 Bxc5 10. e4 dxe4 11. Nxe4 Nxe4 12. Qxe4 f5 13. Qe2 h6 14. Bf4 Qe7
15. Ne5 Nxe5 16. Bxe5 Bd6 17. Rfe1 Rac8 18. Rad1 Bxe5 19. Qxe5 Qc5 20. Bc2 Qxe5
21. Rxe5 Rc7 22. Bb3 Rf6 23. Rde1 Rc6 24. Ba4 Rd6 25. Bxd7 Rxd7 26. f3 Kf7 27.
Kf2 Rd2+ 28. R1e2 Rd5 29. Rxd5 exd5 30. Ke3 Re6+ 31. Kd3 Rxe2 32. Kxe2 Ke6 33.
f4 g5 34. g3 b5 35. Kd3 Kd6 36. Kd4 a5 37. fxg5 hxg5 38. h4 g4 39. Ke3 Ke5 40.
h5 f4+ 41. gxf4+ Kf5 42. a3 a4 43. Kf2 Kf6 44. Kg3 Kf5 45. h6 Kg6 46. h7 Kxh7
47. Kxg4 Kg6 48. f5+ Kf6 49. Kf4 Ke7 50. Ke5 Kf7 51. Kxd5 Kf6 52. Kc5 Kxf5 53.
Kxb5 Ke6 54. Kxa4 Kd6 55. Kb5 Kc7 56. b4 Kb7 57. c4 Kc7 58. c5 Kb7 59. c6+ Ka8
60. Kb6 Kb8 61. c7+ Kc8 62. a4 Kd7 63. a5 Kc8 64. a6 Kd7 65. a7 Kd6 66. c8=Q Kd5
67. Qc5+ Ke4 68. Qd6 Ke3 69. Qd5 Kf4 70. Qe6 Kf3 71. Qe5 Kf2 72. Qe4 Kg3 73. Qf5
Kg2 74. Qf3+ Kxf3 75. a8=R Ke4 76. Rd8 Ke5 77. Kc7 Ke4 78. Kc6 Ke5 79. b5 Ke4
80. Kc5 Ke5 81. Re8+ Kf5 82. b6 Kf4 83. Kd5 Kf3 84. Kd4 Kf2 85. Kd3 Kf3 86. Rf8+
Kg4 87. Ke3 Kg5 88. Ke4 Kg6 89. Rf1 Kg5 90. Rf2 Kg6 91. Ke5 Kg7 92. Ke6 Kg8 93.
Ke7 Kg7 94. Rg2+ Kh6 95. Kf7 Kh5 96. Kf6 Kh4 97. Kf5 Kh3 98. Kf4 Kxg2 99. b7 Kf2
100. b8=R Ke2 101. Rd8 Kf2 102. Re8 Kg2 103. Ke3 Kg3 104. Rf8 Kg4 105. Rf1 Kg5
106. Ke4 Kg6 107. Ke5 Kg7 108. Ke6 Kg8 109. Ke7 Kg7 110. Rg1+ Kh6 111. Kf7 Kh5
112. Kf6 Kh4 113. Kf5 Kh3 114. Kf4 Kh2 115. Rg8 Kh3 116. Rg7 Kh2 117. Kf3 Kh1
118. Kg3 Kg1 119. Rf7 Kh1 120. Rf1# {Black checkmated} 1-0

[Event "Team 45 45 League T47"]
[Site "Internet Chess Club"]
[Date "2010.11.06"]
[Round "1"]
[White "tyler66"]
[Black "IanT"]
[Result "1-0"]
[WhiteElo "1432"]
[BlackElo "1406"]
[Opening "Three knights game"]
[ECO "C46"]
[Time "08:00:15"]
[TimeControl "2700+45"]

1. e4 e5 2. Nf3 Nc6 3. Nc3 Bc5 4. Bb5 d6 5. O-O Bg4 6. h3 Bh5 7. Be2 Nf6 8. d3
O-O 9. Nxe5 Nxe5 10. Bxh5 Nxh5 11. Qxh5 Qf6 12. Qg5 Qg6 13. Rd1 Qxg5 14. Bxg5 h6
15. Bh4 Ng6 16. Bg3 f5 17. exf5 Rxf5 18. d4 Bb6 19. Ne2 Re8 20. Nc3 Ref8 21. Na4
Rb5 22. Nxb6 Rxb6 23. b3 c5 24. d5 Rf5 25. c4 Ne5 26. Re1 a5 27. Bxe5 Rxe5 28.
Rxe5 dxe5 29. Re1 Rf6 30. Rxe5 Kh7 31. f3 g5 32. Re7+ Kg6 33. Rxb7 Ra6 34. Rc7
a4 35. Rc6+ {Black resigns} 1-0

[Event "Team 45 45 League T47"]
[Site "Internet Chess Club"]
[Date "2010.11.06"]
[Round "1"]
[White "seattleblues"]
[Black "papricka205"]
[Result "0-1"]
[WhiteElo "1303"]
[BlackElo "1337"]
[Opening "Ruy Lopez: Möller defense"]
[ECO "C78"]
[Time "21:04:18"]
[TimeControl "2700+45"]

1. e4 e5 2. Nf3 Nc6 3. Bb5 a6 4. Ba4 Nf6 5. O-O Bc5 6. Re1 O-O 7. c3 Re8 8. d4
exd4 9. cxd4 Bb4 10. Bd2 Nxe4 11. d5 Bxd2 12. Nbxd2 Nxd2 13. dxc6 Nxf3+ 14. Qxf3
dxc6 15. Rad1 Rxe1+ 16. Rxe1 Be6 17. Bb3 Bd5 18. Bxd5 cxd5 19. Rd1 c6 20. h3 Qd6
21. Rd4 Re8 22. Rf4 Re1+ 23. Kh2 g5 24. g3 gxf4 25. Qg4+ Qg6 26. Qc8+ Kg7 27.
Qxb7 fxg3+ 28. fxg3 Qc2# {White checkmated} 0-1

[Event "Team 45 45 League T47"]
[Site "Internet Chess Club"]
[Date "2010.11.06"]
[Round "1"]
[White "krysto"]
[Black "badmove"]
[Result "0-1"]
[WhiteElo "1443"]
[BlackElo "1726"]
[Opening "Ruy Lopez: fianchetto (Smyslov/Barnes) defense"]
[ECO "C60"]
[Time "15:10:15"]
[TimeControl "2700+45"]

1. e4 e5 2. Nf3 Nc6 3. Bb5 g6 4. O-O Bg7 5. c3 a6 6. Ba4 d6 7. d3 Bd7 8. Bg5 f6
9. Be3 Nh6 10. h3 Nf7 11. Nbd2 O-O 12. Re1 Qe7 13. Nf1 Kh8 14. Qd2 b5 15. Bb3
Ncd8 16. d4 Ne6 17. Bxe6 Bxe6 18. h4 c5 19. b3 Rac8 20. Rac1 Rc7 21. N3h2 f5 22.
Bg5 Nxg5 23. hxg5 exd4 24. cxd4 Bxd4 25. Kh1 Qf7 26. exf5 Bxf5 27. Nf3 Re7 28.
Nxd4 Rxe1 29. Rxe1 cxd4 30. Qxd4+ Kg8 31. Qxd6 Bg4 32. Qg3 Qxf2 33. Qxf2 Rxf2
34. Ne3 Bf5 35. Ra1 Be4 36. a3 Re2 37. Ng4 Bxg2+ 38. Kg1 Bf3 39. Nf6+ Kg7 40. b4
Rg2+ 41. Kf1 Rxg5 42. Ne8+ Kh6 43. Kf2 Bc6 44. Rg1 Rxg1 45. Kxg1 Bxe8 {White
resigns} 0-1

[Event "Team 45 45 League T47"]
[Site "Internet Chess Club"]
[Date "2010.11.07"]
[Round "1"]
[White "chicopee-ed"]
[Black "Sandia"]
[Result "1-0"]
[WhiteElo "1386"]
[BlackElo "1462"]
[Opening "Ruy Lopez: Cozio defense"]
[ECO "C60"]
[Time "11:00:12"]
[TimeControl "2700+45"]

1. e4 e5 2. Nf3 Nc6 3. Bb5 Nge7 4. O-O g6 5. c3 Bg7 6. d4 exd4 7. cxd4 O-O 8. d5
Ne5 9. Nxe5 Bxe5 10. f4 Bg7 11. f5 gxf5 12. exf5 d6 13. f6 c6 14. fxe7 Qb6+ 15.
Kh1 Re8 16. Bc4 Rxe7 17. Nc3 Bd7 18. Bg5 Re5 19. Qh5 f6 20. dxc6+ Kh8 21. cxd7
Rxg5 22. Qe8+ Bf8 23. Qxa8 Qc6 24. Qxf8+ Rg8 25. Qxg8# {Black checkmated} 1-0

[Event "Team 45 45 League T47"]
[Site "Internet Chess Club"]
[Date "2010.11.06"]
[Round "1"]
[White "Elalfer"]
[Black "fuzzface"]
[Result "1-0"]
[WhiteElo "1340"]
[BlackElo "1367"]
[Opening "QGD Slav: 4.Nc3"]
[ECO "D15"]
[Time "09:59:54"]
[TimeControl "2700+45"]

1. d4 d5 2. c4 c6 3. Nf3 Nf6 4. Nc3 Bg4 5. Ne5 e6 6. Bg5 Be7 7. Bxf6 Bxe2 8.
Bxe7 Qxe7 9. Bxe2 Qg5 10. O-O f6 11. f4 Qh6 12. Ng4 Qh4 13. g3 Qh3 14. cxd5 h5
15. Ne3 Nd7 16. dxe6 Qxe6 17. Ng2 O-O-O 18. Bxh5 Qh3 19. Nh4 g6 20. Bxg6 Rdg8
21. Rf2 Rxh4 22. gxh4 Rxg6+ 23. Kh1 Qxh4 24. Qf3 f5 25. Re1 Nf6 26. Re6 Ng4 27.
Rxg6 Nxf2+ 28. Kg2 Ng4 29. Ne2 Qh7 30. Rxg4 fxg4 31. Qxg4+ Kc7 32. h4 Qe4+ 33.
Qf3 Qg6+ 34. Kf2 Qc2 35. h5 Qxb2 36. h6 Qc2 37. f5 {Black resigns} 1-0

[Event "Team 45 45 League T47"]
[Site "Internet Chess Club"]
[Date "2010.11.09"]
[Round "1"]
[White "Just-Jim"]
[Black "Traho"]
[Result "0-1"]
[WhiteElo "1399"]
[BlackElo "1246"]
[Opening "Giuoco Piano"]
[ECO "C50"]
[Time "19:01:25"]
[TimeControl "2700+45"]

1. e4 e5 2. Nf3 Nc6 3. Bc4 Bc5 4. O-O Nf6 5. Nc3 O-O 6. d3 Na5 7. Nxe5 d6 8. Nf3
a6 9. a3 Nxc4 10. dxc4 Bg4 11. b4 Ba7 12. Be3 Bxe3 13. fxe3 Re8 14. Qd3 c5 15.
b5 b6 16. Rad1 Ra7 17. e5 Nd7 18. Qxd6 Qb8 19. Qxb8 Rxb8 20. Rd6 Bxf3 21. gxf3
Nxe5 22. Kf2 Nxc4 23. Rd5 Nxa3 24. Rfd1 Raa8 25. bxa6 Nxc2 26. Nb5 Nb4 27. Rd6
g6 28. a7 Rc8 29. Rxb6 Nc6 30. Rd6 Nxa7 31. Nxa7 Rxa7 32. Rdc6 Rxc6 33. Rxc6
Ra2+ 34. Kg3 Ra3 35. e4 Rc3 36. h4 Kg7 37. Kg4 Rc4 38. Rc7 Rc3 39. e5 h5+ 40.
Kf4 Rc4+ 41. Kg5 Rc3 42. Kf4 Rc4+ 43. Kg3 Kf8 44. Kh3 Rc3 45. Kg3 c4 46. Kf4 Ke8
47. Ke4 Kf8 48. Kf4 g5+ 49. hxg5 h4 50. Kg4 h3 51. Kxh3 Rxf3+ 52. Kg4 Rc3 53.
Kf4 Rc1 54. Ke4 Re1+ 55. Kd4 Rd1+ 56. Kc3 Rd5 57. Kxc4 Rxe5 58. Rc5 Rxc5+ 59.
Kxc5 Kg7 60. Kd5 Kg6 61. Ke4 Kxg5 62. Kf3 Kf5 63. Kf2 Ke4 64. Kf1 f5 65. Kf2 f4
66. Kf1 Ke3 67. Ke1 f3 68. Kf1 f2 69. Kg2 Ke2 {White resigns} 0-1

[Event "Team 45 45 League T47"]
[Site "Internet Chess Club"]
[Date "2010.11.05"]
[Round "1"]
[White "misuc56"]
[Black "randallsr"]
[Result "0-1"]
[WhiteElo "1775"]
[BlackElo "1741"]
[Opening "Queen's pawn: Keres defense"]
[ECO "A40"]
[Time "14:00:04"]
[TimeControl "2700+45"]

1. d4 e6 2. c4 b6 3. e3 Bb7 4. Nf3 Nf6 5. Be2 h6 6. h3 Be7 7. Nc3 O-O 8. a3 Ne4
9. Bd2 Nxd2 10. Qxd2 d6 11. O-O Nd7 12. Rac1 Nf6 13. Nh2 Rb8 14. Bf3 Nh7 15.
Bxb7 Rxb7 16. f4 Bf6 17. Ne4 Qe7 18. Rce1 Rd8 19. Nxf6+ Nxf6 20. e4 c5 21. d5
exd5 22. exd5 Qf8 23. g4 Re8 24. Qd3 Rbe7 25. Rxe7 Rxe7 26. Nf3 Qe8 27. g5 Re3
28. Qf5 Qe4 29. Qxe4 Nxe4 30. gxh6 Ng3 31. Rf2 Ne2+ 32. Kf1 Nxf4 33. Ng5 Nxh3
34. Nxh3 Rxh3 35. hxg7 Kxg7 36. Kg2 Rd3 37. Re2 Rd4 38. Rc2 f5 39. Kf3 Kf6 40.
Ke3 Ke5 41. Kf3 a6 42. Rc3 Rh4 43. Kg3 Rg4+ 44. Kf3 Kd4 45. Rc1 Re4 46. Kf2 Re3
47. Rc2 Rb3 48. Ke2 f4 49. a4 f3+ 50. Kf2 Kd3 51. Rc1 Rxb2+ 52. Kxf3 Rb4 53. a5
bxa5 54. Rd1+ Kxc4 55. Kf4 Rb3 56. Kf5 Re3 57. Ra1 Kxd5 58. Rxa5 Kd4 59. Rxa6 d5
60. Kf4 Re4+ 61. Kf3 c4 62. Ra5 c3 63. Ra8 Re3+ 64. Kf2 Kd3 65. Ra2 d4 66. Ra1
Re2+ 67. Kf1 Rd2 68. Ke1 Rh2 69. Ra3 Rh1+ 70. Kf2 Kd2 71. Ra2+ c2 72. Ra1 {White
resigns} 0-1

[Event "Team 45 45 League T47"]
[Site "Internet Chess Club"]
[Date "2010.11.06"]
[Round "1"]
[White "Signalman"]
[Black "Packerfan"]
[Result "1-0"]
[WhiteElo "1642"]
[BlackElo "1756"]
[Opening "Four knights: Scotch, 4...exd4"]
[ECO "C47"]
[Time "10:08:41"]
[TimeControl "2700+45"]

1. e4 e5 2. Nf3 Nc6 3. Nc3 Nf6 4. d4 exd4 5. Nxd4 Bc5 6. Nxc6 bxc6 7. Bd3 d6 8.
O-O Rb8 9. Na4 Bg4 10. Qe1 Bb4 11. c3 Ba5 12. Be3 Bb6 13. Nxb6 cxb6 14. f4 Bc8
15. e5 dxe5 16. Bd4 O-O 17. fxe5 Nd5 18. Qe4 g6 19. e6 Bxe6 20. Qe5 f6 21. Qxe6+
Kg7 22. Qxc6 Rc8 23. Qb5 Qd6 24. Rf3 Nf4 25. Raf1 Nxd3 26. Rxf6 Rxf6 27. Bxf6+
Kg8 28. Qb3+ {Black resigns} 1-0

[Event "Team 45 45 League T47"]
[Site "Internet Chess Club"]
[Date "2010.11.05"]
[Round "1"]
[White "rahulr"]
[Black "CKNIGHT3"]
[Result "1-0"]
[WhiteElo "1537"]
[BlackElo "1535"]
[Opening "Réti opening"]
[ECO "A05"]
[Time "20:03:58"]
[TimeControl "2700+45"]

1. Nf3 Nf6 2. g3 b6 3. Bg2 Bb7 4. O-O c5 5. c4 d5 6. cxd5 Bxd5 7. Nc3 Bb7 8. Qb3
Nbd7 9. Ng5 c4 10. Qxc4 Ne5 11. Qb5+ Nfd7 12. Bxb7 Rb8 13. Bg2 e6 14. d4 Ng6 15.
e4 h6 16. Nf3 Bd6 17. Be3 O-O 18. Rac1 e5 19. Rfd1 Re8 20. dxe5 Ndxe5 21. Nxe5
Rxe5 22. Qd3 Re6 23. f4 Ne7 24. f5 Nxf5 25. exf5 Rf6 26. Ne4 Rxf5 27. Qxd6 Qe8
28. Rc7 Re5 29. Rxa7 f6 30. Nxf6+ gxf6 31. Bd5+ Rxd5 32. Qxd5+ Kh8 33. Bd4 Qf8
34. Qd7 Qg8 35. Bxf6+ Qg7 36. Qxg7# {Black checkmated} 1-0

[Event "Team 45 45 League T47"]
[Site "Internet Chess Club"]
[Date "2010.11.06"]
[Round "1"]
[White "Buford-Julep"]
[Black "acejackace"]
[Result "0-1"]
[WhiteElo "1639"]
[BlackElo "1383"]
[Opening "French: Rubinstein variation"]
[ECO "C10"]
[Time "08:38:00"]
[TimeControl "2700+45"]

1. e4 e6 2. d4 d5 3. Nc3 dxe4 4. Nxe4 Nf6 5. Bd3 Nbd7 6. Nf3 Nxe4 7. Bxe4 Nf6 8.
Bg5 Be7 9. Bxf6 Bxf6 10. c3 O-O 11. O-O g6 12. Qb3 c6 13. Rad1 Qc7 14. Rfe1 a5
15. Ne5 Bg7 16. Nc4 b5 17. Ne5 Bb7 18. Nd3 Rfd8 19. a3 Bf8 20. Nc5 Bxc5 21. dxc5
Rxd1 22. Qxd1 Rd8 23. Qe2 Qf4 24. g3 Qg5 25. f4 Qxc5+ 26. Kg2 b4 27. cxb4 axb4
28. axb4 Qxb4 29. Kh3 Rd2 30. Qf3 Qxb2 31. Rh1 Bc8 32. Bxc6 e5+ 33. g4 h5 34. f5
hxg4+ {White resigns} 0-1

[Event "Team 45 45 League T47"]
[Site "Internet Chess Club"]
[Date "2010.11.07"]
[Round "1"]
[White "redarmy44"]
[Black "LPH-9"]
[Result "1-0"]
[WhiteElo "1470"]
[BlackElo "1403"]
[Opening "Scotch gambit"]
[ECO "C44"]
[Time "14:00:11"]
[TimeControl "2700+45"]

1. e4 e5 2. Nf3 Nc6 3. d4 exd4 4. Bc4 Bb4+ 5. c3 dxc3 6. O-O Nf6 7. bxc3 Be7 8.
e5 Ng4 9. Qd5 O-O 10. h3 Ngxe5 11. Nxe5 Nxe5 12. Qxe5 Bd6 13. Qf5 Be7 14. Be3 d5
15. Qxd5 Qxd5 16. Bxd5 c6 17. Bb3 Bf5 18. Nd2 Bf6 19. Rac1 a5 20. Bc2 Be6 21. a4
Bxc3 22. Bxh7+ Kxh7 23. Rxc3 Rad8 24. Nf3 f5 {Black resigns} 1-0

[Event "Team 45 45 League T47"]
[Site "Internet Chess Club"]
[Date "2010.11.06"]
[Round "1"]
[White "BishopMike"]
[Black "arriero55"]
[Result "1-0"]
[WhiteElo "1437"]
[BlackElo "1445"]
[Opening "Sicilian: Smith-Morra gambit"]
[ECO "B21"]
[Time "19:00:52"]
[TimeControl "2700+45"]

1. e4 c5 2. d4 cxd4 3. Nf3 Qa5+ 4. Bd2 Qb6 5. Bc1 Nc6 6. Bc4 Qb4+ 7. Nbd2 Nf6 8.
Qe2 d6 9. O-O a6 10. Nb3 Qb6 11. Rd1 e5 12. Ng5 Nd8 13. Rd3 Bg4 14. Nf3 h6 15.
Bd2 Be6 16. Ba5 Qc6 17. Bxe6 Nxe6 18. Re1 Nf4 19. Qd2 Nxe4 20. Nbxd4 Nxd2 21.
Nxc6 Nxd3 22. cxd3 Nb3 23. axb3 bxc6 24. d4 f6 25. dxe5 dxe5 26. Nd4 Rc8 27. Nf3
Kf7 28. Rd1 Be7 29. h3 Rhg8 30. Rd7 Ke6 31. Ra7 Ra8 32. Rc7 Kd6 33. Rb7 Rgb8 34.
Bc7+ {Black resigns} 1-0

[Event "Team 45 45 League T47"]
[Site "Internet Chess Club"]
[Date "2010.11.06"]
[Round "1"]
[White "PANAMA-REY"]
[Black "TheronUAL"]
[Result "0-1"]
[WhiteElo "1416"]
[BlackElo "1534"]
[Opening "Caro-Kann: advance variation"]
[ECO "B12"]
[Time "11:00:05"]
[TimeControl "2700+45"]

1. e4 c6 2. d4 d5 3. e5 Bf5 4. h3 e6 5. Nf3 h6 6. c3 Nd7 7. Bd3 Ne7 8. a3 Rc8 9.
Be3 Qb6 10. Bc1 c5 11. b4 c4 12. Bxf5 Nxf5 13. g4 Ne7 14. Nbd2 Ng6 15. Nf1 Be7
16. Ng3 Nh4 17. Nh5 Kf8 18. Kf1 g6 19. Ng3 a6 20. Nxh4 Bxh4 21. a4 Qa7 22. Kg2
Kg7 23. Qf3 Rcg8 24. g5 hxg5 25. Qg4 Kf8 26. Bxg5 Bxg5 27. Qxg5 Ke8 28. Rae1 b6
29. Re3 Nb8 30. Rf3 Qe7 31. Rf6 Nd7 32. Re1 Nxf6 33. exf6 Qd6 34. Re5 a5 35. b5
Qa3 36. Qe3 Qd6 37. Qe1 Rh4 38. Re3 Rgh8 39. Ne2 Qf8 40. Ng1 Kd7 41. f3 Qh6 42.
Qg3 Rh5 43. f4 Qf8 44. Qg4 Qa3 45. Qe2 Qxa4 46. Qb2 Qb3 47. Re2 a4 48. Kh2 Rh4
49. Rf2 a3 50. Qc2 Qxb5 51. Qa2 Qb3 52. Qc2 Rxf4 53. Re2 Rfh4 54. Qd2 b5 55. Rf2
b4 56. cxb4 Rxh3+ 57. Nxh3 Qxh3+ 58. Kg1 Qh1# {White checkmated} 0-1